 Dungeon Crawl Stone Soup version 0.28-a0-1374-ga75cb3825e (webtiles) character file.

Game seed: 15231556796531949452

4 night the Magician (level 1, -2/15 HPs)
             Began as a Demonspawn Wanderer on Dec 31, 2021.
             Slain by a jackal (3 damage)
             ... on level 1 of the Dungeon.
             The game lasted 00:01:26 (96 turns).

night the Magician (Demonspawn Wanderer)              Turns: 96, Time: 00:01:26

Health: -2/15      AC:  2    Str: 10    XL:     1   Next: 58%
Magic:  3/5        EV: 11    Int: 13    God:
Gold:   0          SH:  0    Dex: 14    Spells: 7/8 levels left

rFire   . . .      SeeInvis .   f - +0 rapier
rCold   . . .      Faith    .   (no shield)
rNeg    . . .      Spirit   .   e - +0 robe
rPois   .          Reflect  .   (no helmet)
rElec   .          Harm     .   (no cloak)
rCorr   .          Rampage  .   (no gloves)
Will    .....                   (no boots)
Stlth   ++........              (no amulet)
HPRegen 0.05/turn               (no ring)
MPRegen 0.09/turn               (no ring)

@: no status effects
A: no striking features
a: no special abilities


You were on level 1 of the Dungeon.
You visited 1 branch of the dungeon, and saw 1 of its levels.

Inventory:

Hand Weapons
 a - a +0 dagger
 f - a +0 rapier (weapon)
Missiles
 b - 2 atropa-tipped darts (quivered)
 c - a datura-tipped dart
Armour
 e - a +0 robe (worn)
Scrolls
 d - a scroll of vulnerability


   Skills:
 + Level 1.2 Fighting
 - Level 1.0 Dodging
 - Level 1.7 Stealth
 + Level 4.0 Spellcasting
 + Level 1.1 Air Magic
 - Level 1.0 Evocations


You had 7 spell levels left.
You knew the following spells:

 Your Spells              Type           Power      Damage    Failure   Level
a - Shock                 Conj/Air       16%        1d4       16%         1

Your spell library contained the following spells:

 Spells                   Type           Power      Damage    Failure   Level
 Swiftness                Air            5%         N/A       36%         3


Dungeon Overview and Level Annotations

Branches:
Dungeon (1/15)

Altars:


Message History

Aiming: Shock (safe; 16% risk of failure)
Press: ? - help, Shift-Dir - straight line
Okay, then.
You closely miss the jackal.
The jackal is heavily wounded.
The jackal closely misses you. The ball python closely misses you.
The ball python grabs you. The ball python constricts you.
The jackal closely misses you. The ball python closely misses you.
The ball python constricts you.
You miss the jackal.
The jackal is heavily wounded.
The jackal barely misses you.
The ball python bites you but does no damage.
The ball python constricts you.
You barely miss the jackal.
The jackal is heavily wounded.
The jackal bites you but does no damage.
The ball python barely misses you. The ball python constricts you.
The jackal closely misses you.
You barely miss the jackal.
The jackal is heavily wounded.
The ball python closely misses you. The ball python constricts you.
The jackal bites you.
* * * LOW HITPOINT WARNING * * *
The ball python bites you.
* * * LOW HITPOINT WARNING * * *
The ball python constricts you.
* * * LOW HITPOINT WARNING * * *
The jackal barely misses you.
You escape the ball python's grasp.
A dart slug comes into view.
The ball python bites you.
* * * LOW HITPOINT WARNING * * *
The ball python grabs you. The ball python constricts you.
You escape the ball python's grasp.
The jackal barely misses you. The dart slug launches a dart at you.
The slug dart hits you but does no damage.
The jackal bites you but does no damage.
The jackal bites you.
You die...

.#.###.###..
...........
#........#
#.###...#....#
#............#
#..w.# #.#
#.#S.#...#
#.#h.....# #. .
.#..@###..# .#
.....#...#.# .# .
..$..#.#.#.# .
#†#...........#
#.###.#.#.#.#.#
.S...#...#†#.# .##
##.#######...#
...####...####.....#
.....#..≈..#.....#.#


You could see a dart slug, a jackal and a ball python.

Vanquished Creatures
  An endoplasm (D:1)
  2 jackals (D:1)
  A ball python (D:1)
4 creatures vanquished.

Notes
Turn   | Place    | Note
-------+----------+-------------------------------------------
     0 | D:1      | night the Demonspawn Wanderer began the quest for the Orb.
     0 | D:1      | night set off with the following items: a +0 dagger, 2
                  | atropa-tipped darts, a datura-tipped dart, a scroll of
                  | vulnerability, a +0 robe; and the following spell
                  | memorised: Shock; and the following spells available to
                  | memorise: Swiftness
     0 | D:1      | Reached XP level 1. HP: 15/15 MP: 5/5
    89 | D:1      | HP: 2/15 [constriction (1)]
    96 | D:1      | Slain by a jackal

Illustrated notes

Levels and vault maps discovered:
D:1:      eino_arrival_water_star, layout_basic

Action                   || total
-------------------------++-------
Melee: Rapier            ||     8
 Cast: Shock             ||    10
Armor: Robe              ||    10
Dodge: Dodged            ||    24

Table legend: (Time is in decaauts)
 A = Elapsed time spent in this place.
 B = Non-inter-level travel time spent in this place.
 C = Inter-level travel time spent in this place.
 D = Time resting spent in this place.
 E = Time spent auto-exploring this place.
 F = Levels seen in this place.
 G = Mean time per level.
                   A        B        C        D        E       F      G
               +--------+--------+--------+--------+--------+-----+--------+
         Total |     98 |     98 |      0 |      0 |     40 |   1 |   98.0 |
       Dungeon |     98 |     98 |      0 |      0 |     40 |   1 |   98.0 |
               +--------+--------+--------+--------+--------+-----+--------+

Top non-repeatable levels by time:
     D:1: 98 daAuts
